 Seeded DCSS version 0.30.1-4-g462c640d31 (webtiles) character file.

Game seed: 6351066067085065685 (custom seed)

1778 Esekla the Thaumaturge (level 8, -2/41 HPs)
             Began as a Deep Elf Wanderer on Sept 12, 2023.
             Was a Believer of Vehumet.
             Slain by Joseph
             ... wielding a +0 quarterstaff
              (19 damage)
             ... on level 7 of the Dungeon.
             The game lasted 00:47:29 (6705 turns).

Esekla the Thaumaturge (Deep Elf Wanderer)          Turns: 6705, Time: 00:47:29

Health: -2/41      AC:  5    Str: 11    XL:     8   Next: 81%
Magic:  5/24       EV: 13    Int: 21    God:    Vehumet [**....]
Gold:   375        SH:  4    Dex: 11    Spells: 15/27 levels left

rFire   . . .        a - +4 scimitar
rCold   . . .        d - +0 buckler
rNeg    . . .        c - +0 robe
rPois   .            k - +0 helmet
rElec   .            F - +0 cloak
rCorr   .            j - +0 pair of gloves
SInv    .            (no boots)
Will    .....        z - amulet of magic regeneration
Stlth   ++           (no ring)
HPRegen 0.26/turn    (no ring)
MPRegen 0.59/turn

%: no passive effects
@: marked
A: no striking features
a: Renounce Religion


You were on level 7 of the Dungeon.
You worshipped Vehumet.
Vehumet was pleased with you.
You visited 1 branch of the dungeon, and saw 7 of its levels.

You collected 375 gold pieces.

Inventory:

Hand Weapons
 a - a +4 scimitar (weapon)
 r - a +4 trident of venom
 s - the +5 rapier of the Hero {heavy, rN+ Dex+3}
   (You found it on level 3 of the Dungeon)

   Dex:       It affects your dexterity (+3).
   rN:        It protects you from negative energy.
 G - a +2 vampiric dagger
Missiles
 v - 18 poisoned darts (quivered)
Armour
 c - a +0 robe (worn)
 d - a +0 buckler (worn)
 j - a +0 pair of gloves (worn)
 k - a +0 helmet (worn)
 F - a +0 cloak (worn)
Jewellery
 z - an amulet of magic regeneration (around neck)
Wands
 w - a wand of roots (9)
 A - a wand of flame (11)
Scrolls
 g - 8 scrolls of identify {unknown}
 i - 2 scrolls of blinking {unknown}
 m - a scroll of enchant armour {unknown}
 n - 2 scrolls of amnesia {unknown}
 o - a scroll of immolation {unknown}
 t - 2 scrolls of fog {unknown}
 x - a scroll of summoning {unknown}
 y - a scroll of magic mapping {unknown}
 B - a scroll of silence {unknown}
 C - 3 scrolls of enchant weapon {unknown}
 D - a scroll of fear
 E - a scroll of teleportation {unknown}
 H - 3 scrolls of noise {unknown}
Potions
 b - 2 potions of lignification
 e - 2 potions of ambrosia {unknown}
 f - 4 potions of attraction {unknown}
 h - 2 potions of heal wounds {unknown}
 l - a potion of mutation {unknown}
 p - 4 potions of curing
 q - 2 potions of haste {unknown}
 u - 3 potions of brilliance {unknown}


   Skills:
 + Level 2.0 Short Blades
 + Level 1.2 Throwing
 * Level 5.3 Dodging
 + Level 2.4 Stealth
 - Level 3.0 Shields
 * Level 10.1 Spellcasting
 + Level 1.3 Conjurations
 * Level 6.0 Necromancy
 + Level 3.7 Translocations
 + Level 1.0 Invocations
 + Level 0.1 Evocations


You had 15 spell levels left.
You knew the following spells:

 Your Spells              Type           Power      Damage    Failure   Level
a - Magic Dart            Conj           64%        1d6       4%          1
b - Blink                 Tloc           52%        N/A       3%          2
d - Vampiric Draining     Necr           36%        2d8       2%          3
e - Static Discharge      Conj/Air       26%        2-4/arc   11%         2
p - Apportation           Tloc           52%        N/A       1%          1
t - Teleport Other        Tloc           26%        N/A       6%          3

Your spell library contained the following spells:

 Spells                   Type           Power      Damage    Failure   Level
 Poisonous Vapours        Pois/Air       20%        N/A       14%         2
 Lesser Beckoning         Tloc           52%        N/A       3%          2
 Gell's Gravitas          Tloc           26%        N/A       6%          3
 Ignite Poison            Fire/Tmut/Pois 10%        N/A       26%         3
 Spider Form              Tmut/Pois      10%        N/A       26%         3
 Cause Fear               Hex            5%         N/A       65%         4
 Summon Mana Viper        Hex/Summ       10%        N/A       94%         5


Dungeon Overview and Level Annotations

Branches:
Dungeon (7/15)             Temple (0/1) D:6

Altars:
Dithmenos
Fedhas
Hepliaklqana
Okawaru
Qazlal
Trog
Vehumet
Zin
The Shining One

Shops:
D:2 =   D:4 (

Annotations:
D:6 Pikel
D:7 Joseph


Message History

Joseph hits you with a +0 quarterstaff! x2
* * * LOW HITPOINT WARNING * * *
Casting: Vampiric Draining (dangerous; 2% risk of failure)
Confirm with . or Enter, or press ? or * to list all spells.
Aiming: Vampiric Draining (dangerous; 2% risk of failure)
Press: ? - help, Shift-Dir - straight line, f/p - Joseph
Aim: Joseph, wielding a +0 quarterstaff and wearing a +0 leather armour (moderately wounded)
You draw life force from Joseph.
You feel life coursing into your body. Joseph hits you with a +0 quarterstaff!
* * * LOW HITPOINT WARNING * * *
Casting: Vampiric Draining (dangerous; 2% risk of failure)
Confirm with . or Enter, or press ? or * to list all spells.
Aiming: Vampiric Draining (dangerous; 2% risk of failure)
Press: ? - help, Shift-Dir - straight line, f/p - Joseph
Aim: Joseph, wielding a +0 quarterstaff and wearing a +0 leather armour (moderately wounded)
You draw life force from Joseph!
You feel life coursing into your body. Joseph hits you but does no damage.
Casting: Vampiric Draining (dangerous; 2% risk of failure)
Confirm with . or Enter, or press ? or * to list all spells.
Aiming: Vampiric Draining (dangerous; 2% risk of failure)
Press: ? - help, Shift-Dir - straight line, f/p - Joseph
Aim: Joseph, wielding a +0 quarterstaff and wearing a +0 leather armour (heavily wounded)
You draw life force from Joseph!
You feel life coursing into your body. Joseph hits you with a +0 quarterstaff.
* * * LOW HITPOINT WARNING * * *
Casting: Vampiric Draining (dangerous; 2% risk of failure)
Confirm with . or Enter, or press ? or * to list all spells.
Aiming: Vampiric Draining (dangerous; 2% risk of failure)
Press: ? - help, Shift-Dir - straight line, f/p - Joseph
Aim: Joseph, wielding a +0 quarterstaff and wearing a +0 leather armour (heavily wounded)
You draw life force from Joseph.
You feel life coursing into your body.
Joseph drinks a potion.
Joseph is healed!
Casting: Vampiric Draining (dangerous; 2% risk of failure)
Confirm with . or Enter, or press ? or * to list all spells.
Aiming: Vampiric Draining (dangerous; 2% risk of failure)
Press: ? - help, Shift-Dir - straight line, f/p - Joseph
Aim: Joseph, wielding a +0 quarterstaff and wearing a +0 leather armour (heavily wounded)
You draw life force from Joseph!
You feel life coursing into your body!
Joseph hits you with a +0 quarterstaff!!
You die...

######### #.(.....#
#.......#
#.......########
#..............#######
#....@†........'...[./
#.....@........#....##
#.......#####'##(...#
#.......# #..##....#
#.......# #.###....##
######### #. #......
#. #.....# .h ######.#
. ....##.#


You could see Joseph.

Vanquished Creatures
  An ice beast (D:6)
  A sky beast (D:6)
  A black bear (D:6)
  2 ogres
  A centaur (D:7)
  A lemure (D:6)
  Blork the orc (D:6)
  A kobold brigand (D:6)
  A gnoll sergeant (D:7)
  2 scorpions (D:5)
  3 wights (D:7)
  A gnoll bouda (D:4)
  6 hounds
  A jelly (D:6)
  Crazy Yiuf (D:7)
  A sleepcap (D:5)
  5 iguanas
  15 gnolls
  9 adders
  4 white imps
  An ufetubus (D:6)
  A worm (D:4)
  3 dart slugs
  11 orcs
  4 endoplasms
  8 goblins
  5 hobgoblins
  A quokka (D:1)
  6 ball pythons
  4 bats
  4 frilled lizards
  12 kobolds
  A rat (D:2)
119 creatures vanquished.

Notes
Turn   | Place    | Note
-------+----------+-------------------------------------------
     0 | D:1      | Esekla the Deep Elf Wanderer began the quest for the Orb.
     0 | D:1      | Esekla set off with the following items: a +0 club, a
                  | potion of lignification, a +0 robe, a +0 buckler; and the
                  | following spells available to memorise: Apportation, Blink,
                  | Lesser Beckoning, Magic Dart, Ignite Poison, Vampiric
                  | Draining.
     0 | D:1      | Reached XP level 1. HP: 10/10 MP: 7/7
     2 | D:1      | Learned a level 1 spell: Magic Dart
     4 | D:1      | Learned a level 1 spell: Apportation
   222 | D:2      | Found Renulab's Jewellery Shop.
   366 | D:4      | Found a radiant altar of Vehumet.
   377 | D:4      | Found an iron altar of Okawaru.
   385 | D:4      | Found a glowing silver altar of Zin.
   467 | D:4      | Became a worshipper of Vehumet
   635 | D:3      | Reached XP level 2. HP: 10/15 MP: 7/9
   850 | D:3      | Learned a level 2 spell: Blink
  1071 | D:3      | Identified the +5 rapier of the Hero {heavy, rN+ Dex+3}
  1205 | D:2      | Reached skill level 1 in Dodging
  1345 | D:2      | Reached skill level 5 in Spellcasting
  1428 | D:1      | Reached XP level 3. HP: 19/19 MP: 11/11
  1454 | D:1      | Learned a level 3 spell: Vampiric Draining
  1551 | D:1      | Reached skill level 1 in Necromancy
  1716 | D:1      | Reached * piety under Vehumet
  1716 | D:1      | Offered knowledge of Kiss of Death by Vehumet.
  2397 | D:3      | Found a stormy altar of Qazlal.
  2415 | D:3      | Reached skill level 1 in Conjurations
  2415 | D:3      | Reached XP level 4. HP: 20/24 MP: 2/13
  2503 | D:3      | Found a hazy altar of Hepliaklqana.
  2503 | D:3      | Found a bloodstained altar of Trog.
  2666 | D:2      | Noticed a black bear
  2713 | D:2      | Reached skill level 6 in Spellcasting
  2753 | D:2      | Found a faded altar of an unknown god.
  2960 | D:4      | Reached XP level 5. HP: 28/28 MP: 15/15
  3043 | D:5      | Entered Level 5 of the Dungeon
  3047 | D:5      | Got the Parchment of the Lumpy Olives
  3066 | D:5      | Found a shadowy altar of Dithmenos.
  3292 | D:5      | Reached skill level 7 in Spellcasting
  3292 | D:5      | Reached XP level 6. HP: 32/32 MP: 15/18
  3333 | D:5      | Reached skill level 1 in Short Blades
  3727 | D:4      | Found Ponaysk's Antique Weapon Boutique.
  3882 | D:4      | Found a glowing golden altar of the Shining One.
  4164 | D:5      | Offered knowledge of Static Discharge by Vehumet.
  4170 | D:5      | Learned a level 2 spell: Static Discharge
  4409 | D:5      | Reached XP level 7. HP: 32/36 MP: 14/20
  4461 | D:5      | Reached ** piety under Vehumet
  4555 | D:5      | Reached skill level 8 in Spellcasting
  4967 | D:6      | Noticed Blork the orc
  4983 | D:6      | Killed Blork the orc
  5306 | D:6      | Reached XP level 8. HP: 26/41 MP: 2/22
  5313 | D:6      | Found a blossoming altar of Fedhas.
  5498 | D:6      | Found a staircase to the Ecumenical Temple.
  5545 | D:6      | Reached skill level 9 in Spellcasting
  5749 | D:6      | Learned a level 3 spell: Teleport Other
  5780 | D:6      | Noticed Pikel
  5854 | D:6      | Reached skill level 5 in Necromancy
  5879 | D:7      | Found a runed translucent door.
  5880 | D:7      | Noticed Crazy Yiuf
  5887 | D:7      | Killed Crazy Yiuf
  6353 | D:7      | Reached skill level 5 in Dodging
  6611 | D:7      | Reached skill level 1 in Throwing
  6660 | D:7      | Offered knowledge of Poisonous Vapours by Vehumet.
  6669 | D:7      | Reached skill level 10 in Spellcasting
  6690 | D:7      | Noticed Joseph
  6701 | D:7      | HP: 1/41 [Joseph/+0 quarterstaff (9)]
  6705 | D:7      | Slain by Joseph

Illustrated notes

Levels and vault maps discovered:
D:1:      sevenhm_arrival_forest_fort_small_3, layout_rooms,
          chequers_serial_rivers_room_b, minmay_misc_feat_five
D:2:      layout_loops_ring, dreamdust_ecumenical_altar_angels_and_demons,
          serial_shops, shop
D:3:      layout_basic, grunt_temple_overflow_open, minmay_misc_feat_iff
D:4:      layout_basic, nicolae_overflow_quartered_altars, serial_shops,
          nicolae_diamond_shop
D:5:      layout_loops_ring, lemuel_doored_altar, minmay_misc_feat_rows,
          dreamdust_wishing_well
D:6:      layout_loops_cross, fedhas_altar_fruit_tree,
          minmay_temple_entry_glass, uniq_pikel, uniq_blork_the_orc
D:7:      layout_basic, uniq_menkaure, uniq_joseph, uniq_crazy_yiuf_cottage

Skill      XL: |  1  2  3  4  5  6  7  8 |
---------------+-------------------------+-----
Dodging        | 1 2 3 4 5 |  5.3
Spellcasting   | 5 6 7 8 10 | 10.1
Necromancy     | 1 2 3 4 6 |  6.0
Conjurations   | 1 |  1.3
Short Blades   | 1 2 |  2.0
Translocations | 3 |  3.7
Shields        | 2 3 |  3.0
Stealth        | 2 |  2.4
Throwing       | 1 |  1.2
Invocations    | |  1.0
Evocations     | |  0.1

Action                     |  1- 3 |  4- 6 |  7- 9 || total
---------------------------+-------+-------+-------++-------
  Melee: Short sword       |    86 |    40 |       ||   126
         Dagger            |       |    54 |   123 ||   177
         Rapier            |       |     5 |    30 ||    35
         Scimitar          |       |       |     7 ||     7
  Throw: Dart              |       |    28 |    24 ||    52
   Cast: Apportation       |    25 |    29 |    14 ||    68
         Magic Dart        |    51 |    21 |     9 ||    81
         Vampiric Draining |     3 |    22 |    55 ||    80
         Blink             |       |     2 |       ||     2
         Teleport Other    |       |       |    13 ||    13
  Evoke: Wand              |       |       |    10 ||    10
    Use: Scroll            |     1 |     1 |       ||     2
         Potion            |     1 |       |     1 ||     2
   Stab: Sleeping          |     1 |     4 |     2 ||     7
 Armour: Robe              |    36 |    12 |    43 ||    91
  Dodge: Dodged            |    54 |    48 |   110 ||   212
  Block: Buckler           |    20 |    22 |    49 ||    91
